 Dungeon Crawl Stone Soup version 0.20.1-1-g8b1a95d (webtiles) character file.

8873 Linguinho the Cleaver (level 11, -3/92 HPs)
             Began as a Demonspawn Fighter on Nov 12, 2017.
             Was a Believer of Ashenzari.
             Killed from afar by a necromancer (33 damage)
             ... with a bolt of cold
             ... on level 9 of the Dungeon.
             The game lasted 00:27:57 (10257 turns).

Linguinho the Cleaver (Demonspawn Fighter)         Turns: 10257, Time: 00:27:58

Health: -3/92      AC: 18    Str: 24    XL:     11   Next: 15%
Magic:  15/15      EV: 11    Int: 13    God:    Ashenzari [**....]
Gold:   670        SH: 12    Dex: 17    Spells: 10/10 levels left

rFire    + . .     SeeInvis .   z - +0 war axe (vamp) (curse)
rCold    . . .     Gourm    .   c - +0 shield
rNeg     . . .     Faith    .   i - +0 plate armour
rPois    .         Spirit   .   E - +0 helmet
rElec    +         Reflect  .   (no cloak)
rCorr    +         Harm     .   (no gloves)
MR       .....                  (no boots)
Stlth    ..........             K - amulet of rage (curse)
Regen    0.3/turn               v - ring of protection from fire
MPRegen  0.2/turn               b - ring of resist corrosion

@: mighty, agile
A: hooves 1, thin metallic scales 3, clever 1, powered by pain 2, robust 1,
spiny 2
a: Curse Item, Scrying, Renounce Religion, Evoke Berserk Rage


You were on level 9 of the Dungeon.
You worshipped Ashenzari.
Ashenzari was pleased with you.
You were hungry.

You visited 1 branch of the dungeon, and saw 11 of its levels.

You collected 670 gold pieces.

Inventory:

Hand Weapons
 z - a cursed +0 vampiric war axe (weapon)
 G - a +3 flail of protection
 V - a +2 spear of venom
Armour
 c - a +0 shield (worn)
 i - a +0 plate armour (worn)
 t - a cursed +0 pair of gloves
 E - a +0 helmet (worn)
Jewellery
 b - a ring of resist corrosion (right hand)
 v - a ring of protection from fire (left hand)
 H - a +4 ring of evasion
 K - a cursed amulet of rage (around neck)
 M - an uncursed ring of ice
Wands
 r - a wand of random effects (26/48)
 J - a wand of polymorph (14/24)
 O - a wand of scattershot (4/9)
 R - a wand of iceblast (9/15)
Scrolls
 g - 5 scrolls of recharging
 h - 3 scrolls of amnesia {unknown}
 j - 5 scrolls of teleportation {unknown}
 l - 4 scrolls of remove curse
 m - a scroll of noise {unknown}
 n - 2 scrolls of blinking {unknown}
 o - 3 scrolls of fog {unknown}
 p - 2 scrolls of enchant armour {unknown}
 s - 3 scrolls of magic mapping {unknown}
 y - 2 scrolls of immolation {unknown}
 A - a scroll of fear {unknown}
 D - a scroll of random uselessness {unknown}
 L - a scroll of vulnerability {unknown}
 N - 4 scrolls of identify
 W - a scroll of summoning {unknown}
Potions
 a - 2 potions of ambrosia
 d - a potion of might
 e - a potion of berserk rage {unknown}
 k - 6 potions of curing
 u - a potion of cancellation {unknown}
 w - 2 potions of agility {unknown}
 x - 2 potions of lignification
 B - 4 potions of invisibility
 Q - a potion of heal wounds
 S - a potion of resistance {unknown}
 T - a potion of magic {unknown}
 U - a potion of haste {unknown}
Books
 P - a book of Cantrips

   Spells                             Type                      Level
   a - Confusing Touch                Hexes                        1
   b - Animate Skeleton               Necromancy                   1
   c - Summon Small Mammal            Summoning                    1
   d - Apportation                    Translocation                1
Comestibles
 f - 14 bread rations
 q - 6 meat rations
 C - a fruit
 I - 6 royal jellies
 X - 3 chunks of flesh


   Skills:
 + Level 7.2 Fighting
 + Level 10.5(12.6) Axes
 + Level 6.1 Armour
 + Level 1.4 Dodging
 - Level 0.8 Stealth
 + Level 7.5 Shields
 * Level 5.7 Evocations


You had 10 spell levels left.
You didn't know any spells.

Dungeon Overview and Level Annotations

Branches:
Dungeon (11/15)            Temple (0/1) D:6            Lair (0/6) D:9
    Orc: D:9-12

Altars:
Ashenzari
Okawaru
Ru
Sif Muna
Yredelemnul

Annotations:
D:9 seb29deBrest's ghost, journeyman HOBe


Innate Abilities, Weirdness & Mutations

You have large cloven feet.
You are completely covered in thin metallic scales. (AC +4, rElec)
You sometimes gain power by taking damage.
You are mostly covered in sharp spines.
Your mind is acute. (Int +2)
You are robust. (+10% HP)


Message History

You are feeling hungry.
You open the door.
There is an open door here.
Press: ? - help, . - travel You can't see that place. [the floor.] It was a potion of mutation.
You feel extremely strange.
You feel genetically unstable.
Your vision sharpens.
You feel less energetic.
You feel a strange attunement to the structure of the dungeons.
Evoke which item? (* to show all) (? for menu, Esc to quit)
Okay, then.
You feel extremely strange.
Your urge to shout disappears.
You feel slightly disoriented.
You feel stupid.
You no longer feel jittery.
You feel robust.
You feel clever.
The necromancer gestures at you while chanting.
Your body is wracked with pain!
You focus on the pain.
You feel very mighty all of a sudden.
The necromancer points at you and mumbles some strange words.
The bolt of cold hits you!
You die...

........ , , ..#########...##
........, , , ..#.......#'###.
........ #########.#.............
.........#.......#.#.............
..##+###.#.......+.#.............
#.#....#.#.......#.#.........(...
#.#....#.#.......#.#.............
#.#....#.#.......#.#####......(.#
#<'....#.#######@#.....#######.((
..#....#.........p...........####
.)#....#.........................
..#....#.........########........
..######.........# #........
.................# #........
.................# #.######.
.................# #.# #.
#######..........########.# #.


You could see a necromancer.

Vanquished Creatures
  A two-headed ogre (D:4)
  An ugly thing (D:11)
  A centaur zombie (D:11)
  A troll (D:10)
  2 hippogriffs (D:7)
  A spriggan (D:8)
  2 wyverns (D:10)
  A wraith (D:10)
  Edmund (D:5)
  A soldier ant (D:4)
  A black bear (D:6)
  5 orc warriors
  5 sky beasts
  5 ice beasts
  3 phantoms
  6 ogres
  A centaur (D:11)
  A big kobold (D:9)
  6 bullfrogs
  2 wyvern skeletons (D:6)
  6 scorpions
  13 wights
  18 killer bees
  3 howler monkeys (D:9)
  A bullfrog zombie (D:6)
  4 crimson imps
  2 hounds
  4 orc priests
  2 bullfrog skeletons
  Natasha (D:2)
  6 iguanas
  10 orc wizards
  6 worker ants
  2 wolf simulacra (D:9)
  A killer bee zombie (D:6)
  A hound zombie (D:7)
  A hound skeleton (D:4)
  A worker ant zombie (D:10)
  Robin (D:2)
  15 adders
  6 gnolls
  3 shadow imps
  3 oozes
  An adder zombie (D:5)
  An adder skeleton (D:4)
  4 worms
  A dart slug (D:4)
  7 leopard geckos
  48 orcs
  17 bats
  8 giant cockroaches
  19 goblins
  18 hobgoblins
  9 jackals
  7 quokkas
  2 ball pythons
  4 frilled lizards
  18 kobolds
  A leopard gecko skeleton (D:5)
  2 quokka zombies (D:5)
  14 rats
  3 fungi (D:5)
341 creatures vanquished.

Vanquished Creatures (others)
  An ogre (D:11)
  2 fungi (D:5)
3 creatures vanquished.

Grand Total: 344 creatures vanquished

Notes
Turn   | Place    | Note
-------+----------+-------------------------------------------
     0 | D:1      | Linguinho the Demonspawn Fighter began the quest for the Orb.
     0 | D:1      | Reached XP level 1. HP: 18/18 MP: 1/1
   174 | D:1      | Gained mutation: You are partially covered in sharp spines. [demonic ancestry]
   174 | D:1      | Reached XP level 2. HP: 24/24 MP: 2/2
   176 | D:1      | Reached skill level 2 in Axes
   370 | D:1      | Gained mutation: You have large cloven feet. [demonic ancestry]
   370 | D:1      | Reached XP level 3. HP: 29/29 MP: 3/3
   845 | D:2      | Noticed Robin
   859 | D:2      | Reached XP level 4. HP: 12/35 MP: 4/4
   860 | D:2      | Killed Robin
  1198 | D:2      | Reached skill level 3 in Axes
  1757 | D:2      | Noticed Natasha
  1762 | D:2      | Gained mutation: You are partially covered in thin metallic scales. (AC +2) [demonic ancestry]
  1762 | D:2      | Reached XP level 5. HP: 32/42 MP: 5/5
  1769 | D:2      | Killed Natasha
  2430 | D:3      | Noticed a phantom
  2478 | D:3      | Killed a phantom
  2478 | D:3      | Gained mutation: You are mostly covered in thin metallic scales. (AC +3) [demonic ancestry]
  2478 | D:3      | Reached XP level 6. HP: 27/48 MP: 6/6
  2882 | D:3      | Found an iron altar of Okawaru.
  2882 | D:3      | Found a shattered altar of Ashenzari.
  2960 | D:3      | Became a worshipper of Ashenzari the Shackled
  3143 | D:3      | Reached skill level 4 in Axes
  3478 | D:4      | Found a transporter.
  3481 | D:4      | Noticed a two-headed ogre
  3481 | D:4      | Noticed a soldier ant
  3483 | D:4      | Noticed an orc warrior
  3483 | D:4      | Found a transporter.
  3513 | D:4      | Found a sacrificial altar of Ru.
  3513 | D:4      | Found a basalt altar of Yredelemnul.
  3691 | D:4      | Reached XP level 7. HP: 30/54 MP: 7/7
  4291 | D:4      | Found a deep blue altar of Sif Muna.
  4417 | D:5      | Entered Level 5 of the Dungeon
  4474 | D:5      | Reached skill level 5 in Axes
  5168 | D:5      | Gained mutation: You sometimes gain a little power by taking damage. [demonic ancestry]
  5168 | D:5      | Reached XP level 8. HP: 61/61 MP: 8/8
  5251 | D:5      | Reached * piety under Ashenzari
  5316 | D:5      | Noticed Edmund
  5337 | D:5      | Killed Edmund
  5337 | D:5      | Reached skill level 6 in Axes
  5337 | D:5      | Reached skill level 5 in Shields
  5521 | D:6      | Found a staircase to the Ecumenical Temple.
  5567 | D:6      | Reached skill level 5 in Fighting
  5660 | D:6      | Reached skill level 5 in Armour
  5682 | D:6      | Reached skill level 7 in Axes
  5885 | D:6      | Gained mutation: You sometimes gain power by taking damage. [demonic ancestry]
  5885 | D:6      | Reached XP level 9. HP: 56/68 MP: 9/9
  6173 | D:7      | Found an iron altar of Okawaru.
  6410 | D:7      | Reached skill level 1 in Evocations
  6417 | D:7      | Reached skill level 8 in Axes
  7623 | D:4      | Killed a two-headed ogre
  7623 | D:4      | Reached skill level 9 in Axes
  7623 | D:4      | Gained mutation: You are mostly covered in sharp spines. [demonic ancestry]
  7623 | D:4      | Reached XP level 10. HP: 38/77 MP: 12/12
  7867 | D:8      | Reached ** piety under Ashenzari
  8289 | D:8      | Gained mutation: Your spells are a little harder to cast, but a little more powerful. [mutagenic meat]
  8290 | D:8      | Lost mutation: Your spells are a little harder to cast, but a little more powerful. [mutagenic meat]
  8291 | D:8      | Gained mutation: You tend to lose your temper in combat. [mutagenic meat]
  8292 | D:8      | Gained mutation: You can translocate small distances at will. [mutagenic meat]
  8293 | D:8      | Lost mutation: You tend to lose your temper in combat. [mutagenic meat]
  8665 | D:9      | Found a staircase to the Lair.
  8699 | D:9      | Reached skill level 1 in Dodging
  8699 | D:9      | Reached skill level 5 in Evocations
  8786 | D:9      | Noticed a necromancer
  8788 | D:9      | Noticed seb29deBrest's ghost (journeyman HOBe)
  8799 | D:10     | Entered Level 10 of the Dungeon
  8825 | D:10     | Found a shattered altar of Ashenzari.
  8907 | D:10     | Reached skill level 10 in Axes
  9072 | D:10     | Gained mutation: You have an increased reservoir of magic. (+10% MP) [mutagenic meat]
  9073 | D:10     | Gained mutation: Scrolls take you a little longer to read. [mutagenic meat]
  9074 | D:10     | Gained mutation: You occasionally shout uncontrollably at your foes. [mutagenic meat]
  9075 | D:10     | Gained mutation: Your mind is acute. (Int +2) [mutagenic meat]
  9077 | D:10     | Gained mutation: You are somewhat resistant to further mutation. [mutagenic meat]
  9747 | D:11     | Gained mutation: You are completely covered in thin metallic scales. (AC +4, rElec) [demonic ancestry]
  9747 | D:11     | Reached XP level 11. HP: 82/84 MP: 16/16
  9831 | D:11     | Noticed a brown ugly thing
  9832 | D:11     | Noticed a skeletal warrior
  9838 | D:11     | Noticed a skeletal warrior
  9839 | D:11     | Killed a brown ugly thing
  9854 | D:11     | Noticed a skeletal warrior
 10254 | D:9      | Lost mutation: You are somewhat resistant to further mutation. [potion of mutation]
 10254 | D:9      | Lost mutation: Scrolls take you a little longer to read. [potion of mutation]
 10254 | D:9      | Lost mutation: You have an increased reservoir of magic. (+10% MP) [potion of mutation]
 10254 | D:9      | Gained mutation: You passively map a small area around you. [potion of mutation]
 10255 | D:9      | Lost mutation: You occasionally shout uncontrollably at your foes. [potion of mutation]
 10255 | D:9      | Lost mutation: You passively map a small area around you. [potion of mutation]
 10255 | D:9      | Lost mutation: Your mind is acute. (Int +2) [potion of mutation]
 10255 | D:9      | Lost mutation: You can translocate small distances at will. [potion of mutation]
 10255 | D:9      | Gained mutation: You are robust. (+10% HP) [potion of mutation]
 10255 | D:9      | Gained mutation: Your mind is acute. (Int +2) [potion of mutation]
 10257 | D:9      | Killed from afar by a necromancer

Skill      XL: |  1  2  3  4  5  6  7  8  9 10 |
---------------+-------------------------------+-----
Axes           | 2 3 4 5 7 9 10 | 10.5
Shields        | 3 4 5 6 7 |  7.5
Armour         | 3 4 5 6 |  6.1
Fighting       | 4 5 6 7 |  7.2
Evocations     | 3 5 |  5.7
Dodging        | 1 |  1.4
Stealth        | |  0.8

Action                   |  1- 3 |  4- 6 |  7- 9 | 10-12 || total
-------------------------+-------+-------+-------+-------++-------
Melee: War axe           |   101 |   181 |   345 |   322 ||   949
       Kick              |     8 |    45 |   113 |    88 ||   254
       Falchion          |       |     9 |       |       ||     9
Invok: Curse Item        |       |     1 |     1 |       ||     2
Evoke: Wand              |       |       |       |     1 ||     1
  Use: Scroll            |       |       |     6 |       ||     6
       Potion            |       |       |     2 |     5 ||     7
 Stab: Held in net/web   |       |       |     1 |       ||     1
  Eat: Chunk             |       |     9 |    11 |    19 ||    39
       Bread ration      |       |     1 |       |       ||     1
       Royal jelly       |       |       |     1 |       ||     1
       Fruit             |       |       |     1 |       ||     1
Armor: Scale mail        |    13 |       |       |       ||    13
       Plate armour      |    63 |    99 |   196 |   176 ||   534
Dodge: Dodged            |    18 |    17 |    47 |    51 ||   133
Block: Shield            |    58 |   101 |   182 |   171 ||   512
